AoeStats
← NORTHLANDER

Enclosed

505639724Analyzed
1v1 RM · 21d ago on Sep 10, 2026· 43m 39s· 2 players
Game mode
Random Map
Map size
Tiny (2 player)
Population
200
Speed
Normal
Resources
Standard
Victory
Conquest
Starting age
Dark Age
Ending age
Imperial Age
RankedLock teamsTeams togetherTeam positionsShared explorationLock speedFull tech treeHidden civsTurbo modeCheats
Victory
Defeat
🇹🇷 Turks · Türkiye
924
+15
🇸🇪 Bulgarians · Sweden
905
-39
NORTHLANDER
11:03 Feudal Age
13:16 Scale Mail Armor
13:27 Forging
22:24 Fletching
24:31 Double-Bit Axe
28:38 Castle Age
28:03 Scale Barding Armor
28:15 Bloodlines
30:49 Chain Barding Armor
30:33 Bodkin Arrow
40:07 Stirrups
pope
0:50 Loom
1:58 Loom
13:27 Feudal Age
13:50 Horse Collar
14:36 Man-at-Arms
23:19 Arson
28:52 Castle Age
28:45 Gold Mining
31:51 Squires
35:19 Imperial Age
40:00 Town Watch
42:14 Fletching
42:24 Padded Archer Armor
Connection lost

Rejoining the realm…

Still unreachable

The connection could not be restored.

Session expired

The server has moved on; the page needs a fresh start.